Match 45228518
Unlisted

Match 45228518
End
Construct Barracks
Riflemen Squad
M1 Mortar Team
Riflemen Squad
Grenade Package
Riflemen Squad
Infantry Support Center
Construct Weapon Support Center
Selects Advanced Infantry Battlegroup
Selects Convert to Ranger Squad
M3 Armored Personnel Carrier
Selects Frontline Medical Station
Frontline Medical Station
Convert to Ranger Squad
Advanced Logistics
Construct Tank Depot
Engineer Squad
Selects Infantry Assault
Infantry Assault
Convert to Ranger Squad
Improved M9 Bazooka Rockets
M18 Hellcat Tank Destroyer
Infantry Assault
M18 Hellcat Tank Destroyer
M18 Hellcat Tank Destroyer
Selects Ammunition Storage
Selects M2A1 105mm Howitzer Emplacement
Ranger Squad
M18 Hellcat Tank Destroyer
Infantry Assault
M18 Hellcat Tank Destroyer
Engineer Squad
Infantry Assault
Ranger Squad
Frontline Medical Station
Selects 155mm Rapid Artillery Barrage
Infantry Assault
Ranger Squad
Infantry Assault
M18 Hellcat Tank Destroyer
Ranger Squad
Tzeh
Natto GohunV2
RNG_Makes_Me_Mad
Sayamander 🐉
MysteryRanch79
mcstruggle
Cymon
mentoss
0
0

Comments sign in to comment!

No comments posted yet!